 Dungeon Crawl Stone Soup version 0.30.0-18-gc0e69614cb (webtiles) character file.

Game seed: 11849211952672743809

53 safid the Chiller (level 3, 0/27 HPs)
             Began as a Merfolk Ice Elementalist on May 24, 2023.
             Killed from afar by Terence (6 damage)
             ... with a puff of flame
             ... on level 2 of the Dungeon.
             The game lasted 00:01:59 (1228 turns).

safid the Chiller (Merfolk Ice Elementalist)        Turns: 1228, Time: 00:02:00

Health: 0/27       AC:  3    Str:  8    XL:     3   Next: 89%
Magic:  7/7        EV: 12    Int: 16    God:
Gold:   91         SH:  0    Dex: 14    Spells: 6/7 levels left

rFire   . . .        e - +0 short sword
rCold   . . .        (no shield)
rNeg    . . .        a - +0 robe
rPois   .            f - +0 helmet
rElec   .            (no cloak)
rCorr   .            (no gloves)
SInv    .            (no boots)
Will    .....        (no amulet)
Stlth   ++           (no ring)
HPRegen 0.24/turn    (no ring)
MPRegen 0.10/turn

%: no passive effects
@: no status effects
A: (nimble swimmer 2), mertail
a: no special abilities


You were on level 2 of the Dungeon.
You visited 1 branch of the dungeon, and saw 2 of its levels.

You collected 91 gold pieces.

Inventory:

Hand Weapons
 e - a +0 short sword (weapon)
Armour
 a - a +0 robe (worn)
 f - a +0 helmet (worn)
Scrolls
 g - 2 scrolls of teleportation {unknown}
 j - a scroll of fog {unknown}
Potions
 b - a potion of magic
 c - 3 potions of heal wounds {unknown}
 d - a potion of cancellation {unknown}
 h - 2 potions of curing {unknown}
 i - a potion of might {unknown}
 k - a potion of degeneration {unknown}


   Skills:
 + Level 2.0 Fighting
 - Level 2.6 Dodging
 - Level 2.1 Stealth
 + Level 2.6 Spellcasting
 + Level 4.9 Ice Magic


You had 6 spell levels left.
You knew the following spells:

 Your Spells              Type           Power      Damage    Failure   Level
a - Freeze                Ice            72%        1d8       2%          1

Your spell library contained the following spells:

 Spells                   Type           Power      Damage    Failure   Level
 Frozen Ramparts          Ice            36%        1d6       8%          3
 Ozocubu's Armour         Ice            18%        N/A       8%          3
 Summon Ice Beast         Ice/Summ       10%        N/A       56%         4


Dungeon Overview and Level Annotations

Branches:
Dungeon (2/15)

Altars:

Annotations:
D:2 Terence


Innate Abilities, Weirdness & Mutations

((You are very nimble when in or above water. (Stealth+, EV+, Speed+++)))
Your lower body shifts to a powerful aquatic tail in water.


Message History

Confirm with . or Enter, or press ? or * to list all spells.
Aiming: Freeze (safe; 2% risk of failure)
Press: ? - help, Shift-Dir - straight line, f - goblin
Aim: a goblin, wielding a +0 dagger You freeze the goblin.
You kill the goblin!
Unknown command.
You now have 91 gold pieces (gained 19).
There is a stone staircase leading down here.
An endoplasm comes into view.
Terence the Incautious comes into view.
He is wielding a +0 short sword and carrying a wand of flame (13).
Terence shouts!
Terence zaps a wand.
The puff of flame hits you.
Terence zaps a wand.
The puff of flame hits you!
You are too injured to fight recklessly!
You are too injured to fight recklessly!
You are too injured to fight recklessly!
Found a stone staircase leading up.
The endoplasm quivers.
The endoplasm closely misses you.
You hit the endoplasm.
The endoplasm is severely wounded.
The endoplasm freezes you.
You are frozen.
You hit the endoplasm.
The endoplasm is almost dead.
The endoplasm freezes you.
You are frozen.
You hit the endoplasm.
You kill the endoplasm!
A frilled lizard comes into view.
Found a scroll labelled ASIPOL YVIWYBA.
Found a stone staircase leading down.
The frilled lizard hisses angrily.
An adder comes into view.
Terence zaps a wand.
The puff of flame hits you.
* * * LOW HITPOINT WARNING * * *
The adder hisses angrily.
Terence shouts, "Now you die!"
Terence zaps a wand.
The puff of flame hits you.
You die...

#######.# #.#
#@# ###.#
#...###...
##....l....
######....###>..
.........## .
######.@## #.S#
#.<# ?... .#..#
...... .. ####
...


You could see Terence, an adder and a frilled lizard.

Vanquished Creatures
  2 adders (D:2)
  A dart slug (D:2)
  2 ball pythons (D:1)
  2 bats (D:1)
  7 endoplasms
  3 giant cockroaches (D:1)
  4 hobgoblins
  A kobold (D:1)
  A quokka (D:1)
  2 frilled lizards (D:1)
  A goblin (D:2)
  4 rats (D:1)
30 creatures vanquished.

Notes
Turn   | Place    | Note
-------+----------+-------------------------------------------
     0 | D:1      | safid the Merfolk Ice Elementalist began the quest for the
                  | Orb.
     0 | D:1      | Reached XP level 1. HP: 13/13 MP: 3/3
   234 | D:1      | Reached XP level 2. HP: 19/20 MP: 3/5
   331 | D:1      | Reached skill level 1 in Fighting
   576 | D:1      | Reached XP level 3. HP: 11/26 MP: 0/6
  1215 | D:2      | Noticed Terence
  1228 | D:2      | Killed from afar by Terence

Illustrated notes

Levels and vault maps discovered:
D:1:      saegor_arrival_simple_a, layout_loops_cross, minmay_pentomino_s4
D:2:      layout_loops_ring, serial_shops, nicolae_shop_advertising_works
          [nicolae_subvault_shop_adworks], basic_altar, uniq_terence

Skill      XL: |  1  2  3 |
---------------+----------+-----
Fighting       | 1 2 |  2.0
Dodging        | |  2.6
Stealth        | |  2.1
Spellcasting   | |  2.6
Ice Magic      | |  4.9

Action                     || total
---------------------------++-------
  Melee: Unarmed           ||    37
         Punch             ||     1
         Short sword       ||    53
   Cast: Freeze            ||    40
   Stab: Sleeping          ||     3
 Armour: Robe              ||    23
  Dodge: Dodged            ||    67
